 Dungeon Crawl Stone Soup version 0.31-a0-175-g9f7f995f2b (webtiles) character file.

Game seed: 4989096036010547747

39 qw the Shooter (level 3, -4/32 HPs)
             Began as a Naga Hunter on June 17, 2023.
             Slain by Terence
             ... wielding a +1 trident of flaming
              (11 damage)
             ... on level 2 of the Dungeon.
             The game lasted 00:00:21 (1056 turns).

qw the Shooter (Naga Hunter)                        Turns: 1056, Time: 00:00:21

Health: -4/32      AC:  2    Str: 13    XL:     3   Next: 45%
Magic:  3/3        EV:  9    Int:  9    God:
Gold:   33         SH:  0    Dex: 16    Spells: 2/2 levels left

rFire   + . .        Y - +1 shortbow
rCold   . . .        (shield currently unavailable)
rNeg    . . .        c - +0 leather armour
rPois   +            (no helmet)
rElec   .            (no cloak)
rCorr   .            (no gloves)
SInv    +            (no barding)
Will    .....        (no amulet)
Stlth   ++           h - ring of protection from fire
HPRegen 0.25/turn    (no ring)
MPRegen 0.08/turn

%: no passive effects
@: very slow
A: AC +1, large, see invisible, deformed body, poison resistance, slowness 2,
spit poison 1, naga tail 1
a: Spit Poison


You were on level 2 of the Dungeon.
You visited 1 branch of the dungeon, and saw 2 of its levels.

You collected 33 gold pieces.


Innate Abilities, Weirdness & Mutations

Your serpentine skin is tough. (AC +1)
You have supernaturally acute eyesight. (SInv)
Armour fits poorly on your strangely shaped body.
Your system is resistant to poisons. (rPois)
You cover ground very slowly.
You can spit poison.
You have a snake-like lower body.


   Skills:
 - Level 2.0 Fighting
 + Level 4.7 Ranged Weapons
 - Level 1.5 Dodging
 - Level 1.5 Stealth


You had 2 spell levels left.
You didn't know any spells.
Your spell library was empty.

Inventory:

Hand Weapons
 Y - a +1 shortbow (weapon)
Armour
 c - a +0 leather armour (worn)
Jewellery
 h - a ring of protection from fire (left hand)
Scrolls
 f - a scroll of identify
Potions
 a - a potion of curing {unknown}
 d - a potion of heal wounds {unknown}

Dungeon Overview and Level Annotations

Branches:
Dungeon (2/15)

Altars:

Annotations:
D:2 Terence


Message History

The hobgoblin shouts!
The hobgoblin moves out of view.
1048 ||| INVOKING Spit Poison.
Aiming: Spit Poison (2% risk of failure)
Press: ? - help, Shift-Dir - straight line, f - hobgoblin The splash of poison hits the hobgoblin.
The hobgoblin is poisoned.
The hobgoblin is heavily wounded.
You shoot an arrow. The arrow hits the hobgoblin!
You kill the hobgoblin!
You hear a shout!
Terence the Incautious comes into view.
He is wielding a +1 trident of flaming.
You shoot an arrow.
The arrow hits Terence but does no damage.
You shoot an arrow. The arrow hits Terence!
Terence is moderately wounded.
You have got your breath back.
Terence hits you from afar with a +1 trident of flaming!
Terence burns you.
1052 ||| INVOKING Spit Poison.
Aiming: Spit Poison (2% risk of failure)
Press: ? - help, Shift-Dir - straight line, f/p - Terence The splash of poison hits Terence.
Terence is poisoned.
Terence is heavily wounded.
Terence hits you from afar with a +1 trident of flaming.
You shoot an arrow.
The arrow hits Terence but does no damage.
Terence is heavily wounded.
Terence barely misses you.
You shoot an arrow. The arrow hits Terence.
Terence is almost dead.
Terence closely misses you.
You shoot an arrow.
The arrow hits Terence but does no damage.
Terence is almost dead.
Terence hits you from afar with a +1 trident of flaming!
Terence burns you.
You have got your breath back.
Terence hits you from afar with a +1 trident of flaming!
You die...

#.# #.# #.# #.# #<#
#.# ## #.# #####..^#
#.# #..@.....
#########.####@###...#
...............# #
################


You could see Terence (poisoned).

Vanquished Creatures
  A gnoll (D:1)
  6 ball pythons (D:1)
  5 bats (D:1)
  An endoplasm (D:1)
  A giant cockroach (D:1)
  2 goblins (D:1)
  2 hobgoblins
  3 kobolds (D:1)
  2 quokkas (D:1)
  2 frilled lizards (D:1)
  2 rats (D:1)
27 creatures vanquished.

Notes
Turn   | Place    | Note
-------+----------+-------------------------------------------
     0 | D:1      | qw the Naga Hunter began the quest for the Orb.
     0 | D:1      | Reached XP level 1. HP: 19/19 MP: 1/1
     0 | D:1      | 0 ||| qw: Version: 0.3-a-2-g5ab2908
     0 | D:1      | 0 ||| qw: Game counter: 377
     0 | D:1      | 0 ||| qw: Always use a shield: true
     0 | D:1      | 0 ||| qw: God list: Okawaru
     0 | D:1      | 0 ||| qw: Allow faded altars: false
     0 | D:1      | 0 ||| qw: Do Orc after D:15 true
     0 | D:1      | 0 ||| qw: Do second Lair branch before Depths: true
     0 | D:1      | 0 ||| qw: Lair rune preference: random
     0 | D:1      | 0 ||| qw: Plans: Normal
     0 | D:1      | 0 ||| PLANNING D:1-11
   213 | D:1      | 213 ||| INVOKING Spit Poison.
   236 | D:1      | 236 ||| INVOKING Spit Poison.
   239 | D:1      | 239 ||| INVOKING Spit Poison.
   242 | D:1      | 242 ||| INVOKING Spit Poison.
   269 | D:1      | 269 ||| INVOKING Spit Poison.
   294 | D:1      | 294 ||| INVOKING Spit Poison.
   312 | D:1      | 312 ||| INVOKING Spit Poison.
   323 | D:1      | 323 ||| INVOKING Spit Poison.
   325 | D:1      | Reached skill level 4 in Ranged Weapons
   325 | D:1      | Reached XP level 2. HP: 26/26 MP: 2/2
   332 | D:1      | 332 ||| INVOKING Spit Poison.
   417 | D:1      | 417 ||| INVOKING Spit Poison.
   464 | D:1      | 464 ||| INVOKING Spit Poison.
   482 | D:1      | 482 ||| INVOKING Spit Poison.
   515 | D:1      | 515 ||| INVOKING Spit Poison.
   519 | D:1      | 519 ||| INVOKING Spit Poison.
   533 | D:1      | 533 ||| INVOKING Spit Poison.
   536 | D:1      | Reached XP level 3. HP: 22/32 MP: 3/3
   586 | D:1      | 586 ||| INVOKING Spit Poison.
   596 | D:1      | 596 ||| INVOKING Spit Poison.
   621 | D:1      | 621 ||| INVOKING Spit Poison.
   674 | D:1      | 674 ||| INVOKING Spit Poison.
   706 | D:1      | 706 ||| INVOKING Spit Poison.
   718 | D:1      | 718 ||| INVOKING Spit Poison.
   727 | D:1      | 727 ||| INVOKING Spit Poison.
   744 | D:1      | 744 ||| INVOKING Spit Poison.
   778 | D:1      | 778 ||| INVOKING Spit Poison.
   928 | D:1      | 928 ||| DROPPING amulet of magic regeneration.
   929 | D:1      | 929 ||| UPGRADING to ring of protection from fire.
   930 | D:1      | 930 ||| READING scroll labelled GUAQUU QIHORAI.
   931 | D:1      | 931 ||| READING 2 scrolls labelled LESIUGILYI.
   932 | D:1      | 932 ||| READING scroll labelled FEPAIFUVEH.
   937 | D:1      | 937 ||| READING scroll labelled HUTAUP ZULO.
   938 | D:1      | 938 ||| DROPPING scroll of butterflies.
  1048 | D:2      | 1048 ||| INVOKING Spit Poison.
  1049 | D:2      | Noticed Terence
  1052 | D:2      | 1052 ||| INVOKING Spit Poison.
  1055 | D:2      | HP: 7/32 [Terence/+1 trident of flaming (2)]
  1056 | D:2      | Slain by Terence

Levels and vault maps discovered:
D:1:      minmay_arrival_widening_spiral_narrow, layout_loops_ring,
          nicolae_figureground_sparkle
D:2:      layout_loops_ring, basic_altar, hellmonk_ecumenical_altar_dog_temple,
          minmay_pentomino_s4, uniq_sigmund, uniq_terence

Skill      XL: |  1 |
---------------+----+-----
Ranged Weapons | 4 |  4.7
Fighting       | |  2.0
Dodging        | |  1.5
Stealth        | |  1.5

Action                     || total
---------------------------++-------
   Fire: Shortbow          ||    50
Ability: Spit Poison       ||    26
    Use: Scroll            ||     4
 Armour: Leather armour    ||     5
  Dodge: Dodged            ||    13

Table legend:
 A = Non-vault XP
 B = Vault XP
 C = Vault XP percentage of total XP
 D = Non-vault monster count
 E = Vault monster count
 F = Vault count percentage of total count
                 A         B        C        D         E       F
            +---------+---------+-------+---------+---------+-------
      Total |      56 |       0 |   0.0 |      27 |       0 |   0.0
            +---------+---------+-------+---------+---------+-------
        D:1 |      54 |       0 |   0.0 |      26 |       0 |   0.0
        D:2 |       2 |       0 |   0.0 |       1 |       0 |   0.0
            +---------+---------+-------+---------+---------+-------
